cohdb
Replays
Latest Replays
All Replays
Popular Replays
Top Player Replays
Match Explorer
How It Works
Community
CoH3 Stats
Reddit
Sign in to upload your games and track your stats! →
Sign in with Steam
Match 43147740
Unlisted
Match 43147740
Overview
Messages
Build Orders
End
Construct Weapon Support Center
Scout Squad
Selects Heavy Weapons
M1919 Machine Gun Team
M1919 Machine Gun Team
Engineer Squad
Infantry Support Center
Bazooka Squad
Selects Assault Carriers
M3 Assault Carrier
Construct Medical Station
M3 Assault Carrier
Selects M2HB .50cal Heavy Machine Gun
M1919 Machine Gun Team
M3 Assault Carrier
Engineer Squad
M3 Assault Carrier
Bazooka Squad
Quickscopekiller1337
Trion
0
0
Comments
sign in to comment!
No comments posted yet!